Cogmind - Beta 9.6 @@@ ROGUE MODE // 2020.08.18 @ 18:58:17 Player: Cracklepappy Result: Destroyed by PH-C4LOY8ZIFQ with Improved KE Penetrator Performance ------------- Evolutions (7) 3500 Regions Visited (20) 4000 Robots Destroyed (102) 510 Value Destroyed (4677) 4677 Prototype IDs (22) 440 Alien Tech Used (0) 0 Bonus (2651) 2651 TOTAL SCORE: 15778 Bonus ------- High Alert Combat Kills 491 Follower Combat Kills 474 Entered Garrisons 400 Used RIF Installer 1000 Met Data Miner 300 Friendly Fire -14 Cogmind --------- Core Integrity 0/1300 Matter 158/300 Energy 94/100 System Corruption 19% Temperature Cool (0) Movement Treading (160) Location -3/Testing Parts ------- > --- POWER (2) -------- (None) > --- PROPULSION (5) --- Improved Heavy Treads Centrium Wheel Centrium Wheel Centrium Wheel > --- UTILITY (12) ----- Advanced Signal Interpreter Improved Target Analyzer Advanced Target Analyzer > --- WEAPON (2) ------- Linear Accelerator > --- INVENTORY (4) ---- Centrium Wheel Centrium Wheel Centrium Wheel Peak State ------------ > --- POWER ------------ Light Antimatter Reactor Light Particle Reactor > --- PROPULSION ------- Advanced Heavy Treads Improved Antigrav System Cooled Field Propulsion Drive > --- UTILITY ---------- Advanced Heat Sink Advanced Heat Sink Advanced Heat Sink Large Storage Unit Small Battery Advanced Weight Redist. System Advanced Signal Interpreter Improved Target Analyzer Advanced Target Analyzer Stasis Canceller Improved Hacking Suite System Backup Module > --- WEAPON ----------- Gamma Rifle Makeshift Sword > --- INVENTORY -------- Antigrav Array Advanced Heat Sink Advanced Heat Sink Advanced Target Analyzer Advanced Target Analyzer Advanced ECM Suite Advanced Hardlight Generator Advanced Hardlight Generator Advanced Remote Datajack [Rating: 117] Favorites ----------- Power Light Antimatter Reactor Engine Ion Engine Power Core Light Nuclear Core Reactor Light Antimatter Reactor Propulsion Light Treads Treads Light Treads Leg Flexi-carbon Leg Wheel Compact Wheel Hover Unit Antigrav System Flight Unit Nuclear Pulse Thruster Utility Large Storage Unit Device Advanced Heat Sink Storage Large Storage Unit Processor Improved Signal Interpreter Hackware Improved Hacking Suite Protection Light Armor Plating Weapon Mini Assault Cannon Energy Gun Dispersion Rifle Energy Cannon Light EM Pulse Cannon Ballistic Gun Gauss Rifle Ballistic Cannon Mini Assault Cannon Launcher Grenade Launcher Special Weapon Remote Datajack Slashing Weapon Makeshift Sword Build | -11 -10 -9 -9 -9 -9 -7 -7 -6 -6 -6 -6 -5 -5 -4 -4 -4 -4 -3 -3 -3 ------- Run | Scr Mat Mat Sto Gar Rec Fac Gar Fac Low Low Dat Pro Fac Fac Upp Upp War Pro Res Tes Slots Evolved 14 | . . 2 . . . 4 . 2 . . . . 2 2 . . . . 2 . Power 1 | . . . . . . . . . . . . . 1 . . . . . . . Propulsion 3 | . . 2 . . . . . . . . . . . 1 . . . . . . Utility 10 | . . . . . . 4 . 2 . . . . 1 1 . . . . 2 . Weapon . | . . . . . . . . . . . . . . . . . . . . . Parts Attached 145 | 8 3 6 4 6 3 9 7 2 3 1 . 2 18 2 11 1 . 5 47 7 Power 18 | 1 . 1 . 2 . 1 1 1 . . . 1 1 . 2 . . 1 6 . Engine 7 | 1 . 1 . 2 . 1 1 1 . . . . . . . . . . . . Core 3 | . . . . . . . . . . . . 1 1 . 1 . . . . . Reactor 8 | . . . . . . . . . . . . . . . 1 . . 1 6 . Propulsion 55 | 2 . 4 2 3 3 . 4 . 3 . . 1 8 2 4 . . . 15 4 Treads 25 | 1 . 1 2 2 3 . 3 . 1 . . . 2 . 3 . . . 6 1 Leg 10 | . . 2 . 1 . . 1 . 2 . . . . . . . . . 4 . Wheel 9 | 1 . 1 . . . . . . . . . . 1 1 1 . . . 1 3 Hover 5 | . . . . . . . . . . . . . 2 . . . . . 3 . Flight 6 | . . . . . . . . . . . . 1 3 1 . . . . 1 . Utility 48 | 3 1 . 1 . . 7 1 1 . . . . 5 . 2 1 . 3 22 1 Device 26 | 2 . . . . . 2 . . . . . . 1 . 2 . . 3 16 . Storage 9 | 1 1 . 1 . . 1 1 1 . . . . . . . 1 . . 2 . Processor 8 | . . . . . . 2 . . . . . . 3 . . . . . 2 1 Hackware 2 | . . . . . . . . . . . . . 1 . . . . . 1 . Protection 3 | . . . . . . 2 . . . . . . . . . . . . 1 . Artifact . | . . . . . . . . . . . . . . . . . . . . . Weapon 24 | 2 2 1 1 1 . 1 1 . . 1 . . 4 . 3 . . 1 4 2 Energy Gun 3 | . . . . . . . . . . . . . . . . . . . 3 . Energy Cannon 2 | . . 1 . . . . . . . . . . . . . . . . . 1 Ballistic Gun 5 | 2 . . . . . . . . . . . . 1 . 1 . . 1 . . Ballistic Cannon 4 | . . . 1 1 . 1 . . . . . . . . . . . . . 1 Launcher 3 | . 2 . . . . . 1 . . . . . . . . . . . . . Special Weapon 2 | . . . . . . . . . . . . . 2 . . . . . . . Impact Weapon . | . . . . . . . . . . . . . . . . . . . . . Slashing Weapon 5 | . . . . . . . . . . 1 . . 1 . 2 . . . 1 . Piercing Weapon . | . . . . . . . . . . . . . . . . . . . . . Special Melee Weapon . | . . . . . . . . . . . . . . . . . . . . . Unidentified Prototypes 4 | . . . 1 1 . . . . . . . . . . . . . . 2 . Parts Lost 90 | . . 2 . 4 . 1 7 7 . 1 . 4 7 4 2 . . 7 41 3 Power 12 | . . 1 . . . 1 1 . . . . . 2 . . . . 1 6 . Propulsion 36 | . . 1 . 3 . . 4 4 . 1 . 2 3 3 . . . . 13 2 Utility 30 | . . . . . . . 1 2 . . . 2 1 . 2 . . 5 17 . Weapon 12 | . . . . 1 . . 1 1 . . . . 1 1 . . . 1 5 1 Highest Loss Streak 13 | . . 2 . 1 . 1 4 6 . 1 . 4 3 4 2 . . 6 13 3 Average Slot Usage (%) 70 | . 100 99 99 99 100 99 88 63 21 35 33 33 40 46 37 57 63 59 67 28 Engine 4 | . 14 10 11 11 11 7 6 4 . . . . . . . . . . . . Reactor 2 | . . . . . . . . . . . . . . . 1 5 5 9 6 . Treads 16 | . 14 22 22 40 39 30 22 13 2 5 . . 7 . 2 10 10 10 5 4 Leg 3 | . . 11 10 1 4 . 2 3 5 13 13 10 . . . . . . 4 . Wheel 2 | . 14 11 11 1 . . . . . . . . . 4 4 5 5 5 . 7 Device 6 | . 14 11 4 . . 6 7 4 . . . . 1 . 2 10 10 12 19 . Storage 9 | . 14 11 17 22 22 15 16 17 . . . . . . . . 5 . 4 . Processor 8 | . . . . . . 14 15 13 13 13 13 9 6 15 11 10 10 10 11 13 Ballistic Cannon 6 | . . . 7 19 22 15 11 4 . . . . . . . . . . . 1 Launcher 1 | . 10 11 11 2 . . 2 1 . . . . . . . . . . . . Slashing Weapon 2 | . . . . . . . . . . 2 6 6 4 3 1 10 10 5 3 . Naked Turns . | . . . . . . . . . . . . . . . . . . . . . Heaviest Build 73 | 13 27 29 36 37 37 70 72 73 . 3 3 8 16 3 25 26 26 48 70 12 Greatest Support 150 | 10 10 10 40 80 89 89 107 84 3 3 3 8 17 17 75 75 16 16 150 75 Greatest Overweight (x) 4 | 1 2 2 3 3 . . 2 1 . . . . 1 . 4 1 1 2 3 3 Average Overweight (x) . | . 1 2 1 . . . . . . . . . . . . . 1 1 . . Largest Inventory Capacity 22 | 6 10 10 14 14 14 18 22 22 4 4 4 4 4 4 4 4 4 4 10 4 Average Capacity 9 | 5 7 10 12 14 14 15 18 17 4 4 4 4 4 4 4 4 4 4 6 4 Most Carried 22 | 6 7 10 14 14 14 17 22 22 4 4 4 4 4 4 4 4 4 4 10 4 Average Carried 8 | 5 6 8 12 13 13 13 18 17 3 3 4 3 3 3 3 4 4 3 5 1 Final Capacity 22 | 6 10 10 14 14 14 18 22 4 4 4 4 4 4 4 4 4 4 4 4 4 Final Carried 22 | 6 7 10 14 13 14 17 22 4 4 4 4 4 4 3 4 4 4 4 4 3 Class Distribution -------------------- 45% | Mutant 35% | Scavenger-Mutant 15% | Derelict-Mutant 3% | Hauler-Mutant Dominant Class ---------------- Mutant | -10/Materials Mutant | -9/Materials Mutant | -9/Storage Scavenger-Mutant | -9/Garrison Mutant | -9/Recycling Scavenger-Mutant | -7/Factory Mutant | -7/Garrison Hauler-Mutant | -6/Factory Mutant | -6/Lower Caves Mutant | -6/Lower Caves Mutant | -6/Data Miner Mutant | -5/Proximity Caves Mutant | -5/Factory Mutant | -4/Factory Mutant | -4/Upper Caves Derelict-Mutant | -4/Upper Caves Derelict-Mutant | -4/Warlord Derelict-Mutant | -3/Proximity Caves Scavenger-Mutant | -3/Research Mutant | -3/Testing Resources | -11 -10 -9 -9 -9 -9 -7 -7 -6 -6 -6 -6 -5 -5 -4 -4 -4 -4 -3 -3 -3 ----------- Run | Scr Mat Mat Sto Gar Rec Fac Gar Fac Low Low Dat Pro Fac Fac Upp Upp War Pro Res Tes Matter Collected 2860 | 304 . 60 346 274 276 122 261 59 186 161 . 29 140 30 73 25 . 119 395 . Remotely 118 | 118 . . . . . . . . . . . . . . . . . . . . Salvage Created 2940 | 65 76 136 267 214 . 122 303 79 . 188 . 24 88 . 71 . . 105 1181 21 Parts 202 | 4 14 11 14 24 . 4 22 9 . 12 . 2 6 . 8 . . 5 64 3 Haulers Intercepted 2 | . . 1 1 . . . . . . . . . . . . . . . . . Recyclers Shooed 2 | . 1 . . . . . . . . . . . . . . . . . 1 . Parts Field Recycled . | . . . . . . . . . . . . . . . . . . . . . Retrieved Matter . | . . . . . . . . . . . . . . . . . . . . . Parts Self-Destructed 33 | . . . . . . . . . 2 11 . 9 . . 7 . . 4 . . Prevented 3 | . . . . . . . . . 3 . . . . . . . . . . . Kills | -11 -10 -9 -9 -9 -9 -7 -7 -6 -6 -6 -6 -5 -5 -4 -4 -4 -4 -3 -3 -3 ------- Run | Scr Mat Mat Sto Gar Rec Fac Gar Fac Low Low Dat Pro Fac Fac Upp Upp War Pro Res Tes Combat Hostiles Destroyed 90 | . 6 3 9 18 . 4 15 4 . 7 . 1 2 . 3 . . 3 15 . Melee 24 | . . . . . . . . 1 . 7 . 1 2 . . . . 1 12 . Guns 8 | . . . . . . . . . . . . . . . 3 . . 2 3 . Cannons 35 | . . . 1 18 . 4 9 3 . . . . . . . . . . . . AOE 23 | . 6 3 8 . . . 6 . . . . . . . . . . . . . Classes Destroyed 13 | 2 3 2 3 . . . 1 1 . . . . . . . . . . . 1 Worker 1 | . . . . . . . . 1 . . . . . . . . . . . . Builder 1 | . . . . . . . . . . . . . . . . . . . . 1 Tunneler 1 | 1 . . . . . . . . . . . . . . . . . . . . Hauler 2 | . . 1 1 . . . . . . . . . . . . . . . . . Recycler 2 | 1 . . . . . . . . . . . . . . . . . . 1 . Operator 2 | . 1 . . . . . . . . . . . . . . . . . 1 . Watcher 3 | . 1 1 . . . . . . . . . . . . . . . . 1 . Swarmer 43 | . 6 . . 13 . . 6 4 . 7 . 1 . . 3 . . 3 . . Grunt 28 | . . 3 6 5 . 3 5 . . . . . . . . . . . 6 . Brawler 1 | . . . 1 . . . . . . . . . . . . . . . . . Duelist 3 | . . . 1 . . 1 1 . . . . . . . . . . . . . Sentry 4 | . . . 1 . . . 2 . . . . . . . . . . . 1 . Programmer 11 | . . . . . . . 1 . . . . . 2 . . . . . 8 . Best Kill Streak 8 | 1 3 4 7 8 . 4 4 4 . 3 . 1 1 . 3 . . 3 4 1 Combat Bots Only 8 | . 3 3 6 8 . 4 4 4 . 3 . 1 1 . 3 . . 3 4 . Max Kills in Single Turn 3 | 1 3 2 2 2 . 2 3 1 . 1 . 1 1 . 1 . . 1 1 1 Gunslinging . | . . . . . . . . . . . . . . . . . . . . . Exploded 3 | . 3 2 2 . . . 3 . . . . . . . . . . . . . Melee 1 | . . . . . . . . 1 . 1 . 1 1 . . . . 1 1 . Uniques/NPCs Destroyed . | . . . . . . . . . . . . . . . . . . . . . Combat | -11 -10 -9 -9 -9 -9 -7 -7 -6 -6 -6 -6 -5 -5 -4 -4 -4 -4 -3 -3 -3 -------- Run | Scr Mat Mat Sto Gar Rec Fac Gar Fac Low Low Dat Pro Fac Fac Upp Upp War Pro Res Tes Damage Taken 14829 | . 77 282 236 705 . 232 1135 853 124 420 . 320 832 308 280 . . 1241 6761 1023 Core 3077 | . . 28 63 82 . . 104 411 124 86 . 139 238 145 167 . . 188 1165 137 Absorbed by Shields 186 | . . . . . . . . . . . . . . 36 . . . . 150 . Reduced by Siege Mode 18 | . . . . . . . . . . . . . . . . . . 18 . . Core Remaining (%) 69 | 100 100 . . . 56 . 85 . . . . 10 76 . . . . 56 . . Volleys Fired 234 | 7 8 9 30 47 . 11 42 17 . . . . 3 . 14 . . 4 31 11 Largest 2 | 2 1 1 1 2 . 2 2 1 . . . . 1 . 1 . . 1 1 1 Hottest 113 | 40 30 56 56 96 . 96 96 48 . . . . 30 . 28 . . 28 88 113 Shots Fired 309 | 14 8 9 30 82 . 22 65 17 . . . . 3 . 14 . . 4 30 11 Gun 64 | 14 2 . . . . . . . . . . . . . 14 . . 4 30 . Cannon 220 | . . 3 24 82 . 22 61 17 . . . . . . . . . . . 11 Launcher 22 | . 6 6 6 . . . 4 . . . . . . . . . . . . . Special 3 | . . . . . . . . . . . . . 3 . . . . . . . Kinetic 241 | 14 2 . 16 82 . 22 61 17 . . . . . . 14 . . 4 . 9 Thermal 30 | . . . . . . . . . . . . . . . . . . . 28 2 Explosive 22 | . 6 6 6 . . . 4 . . . . . . . . . . . . . Electromagnetic 13 | . . 3 8 . . . . . . . . . . . . . . . 2 . Robot Hit Streak 21 | 5 6 2 8 10 . 8 21 6 . . . . 9 . 1 . . 5 8 3 Robot Miss Streak 6 | 2 2 3 2 6 . 1 4 2 . . . . . . 2 . . . 2 3 Penetration Max . | . . . . . . . . . . . . . . . . . . . . . Secondary Targets . | . . . . . . . . . . . . . . . . . . . . . Shots Hit Robots 319 | 8 3 3 23 36 . 16 46 14 . 11 . 7 19 . 4 . . 6 119 4 Core Hits 152 | 3 9 6 17 19 . 8 22 6 . 7 . 1 5 . 3 . . 5 40 1 Critical Hits 23 | . . . 1 1 . 1 1 . . . . . 2 . . . . . 15 2 Critical Kills 5 | . . . . . . . . . . . . . . . . . . . 4 1 Critical Parts Destroyed 16 | . . . 1 1 . 1 1 . . . . . 1 . . . . . 10 1 Melee Attacks 186 | . . . . . . . . . . 16 . 10 20 . . . . 3 137 . Impact . | . . . . . . . . . . . . . . . . . . . . . Slashing 186 | . . . . . . . . . . 16 . 10 20 . . . . 3 137 . Piercing . | . . . . . . . . . . . . . . . . . . . . . Sneak Attacks 4 | . . . . . . . . . . . . . 1 . . . . . 3 . Combat Hostiles . | . . . . . . . . . . . . . . . . . . . . . Follow-up Attacks 5 | . . . . . . . . . . . . . . . . . . 1 4 . Damage Inflicted 11919 | 88 418 415 1370 1028 19 506 1690 352 . 382 . 246 647 . 87 . . 156 4354 161 Guns 1028 | 88 . . . . . . . . . . . . . . 87 . . 84 769 . Cannons 3748 | . . 50 511 1028 . 506 1183 309 . . . . . . . . . . . 161 Explosions 2149 | . 418 365 859 . . . 507 . . . . . . . . . . . . . Melee 4932 | . . . . . . . . . . 382 . 246 647 . . . . 72 3585 . Ramming 62 | . . . . . 19 . . 43 . . . . . . . . . . . . Kinetic 3734 | 88 . . 327 1028 . 506 1183 309 . . . . . . 87 . . 84 . 122 Thermal 835 | . . . 89 . . . . . . . . . . . . . . . 707 39 Explosive 2060 | . 418 365 770 . . . 507 . . . . . . . . . . . . . Electromagnetic 296 | . . 50 184 . . . . . . . . . . . . . . . 62 . Impact . | . . . . . . . . . . . . . . . . . . . . . Slashing 4932 | . . . . . . . . . . 382 . 246 647 . . . . 72 3585 . Piercing . | . . . . . . . . . . . . . . . . . . . . . Highest Corruption 19 | . . . . . . . 1 . 4 4 4 4 5 . . . 3 3 19 19 Average Corruption 6 | . . . . . . . 1 . 3 4 4 4 3 . . . 1 1 12 19 Corruption Purged 6 | . . . . . . . . . . . . . . . . . . . 6 . Effects 85 | . . . . . . . 1 . 1 9 2 3 1 . . . . 3 59 6 Message Errors 20 | . . . . . . . . . . 1 1 1 1 . . . . 2 13 1 Matter Fused 9 | . . . . . . . . . . 3 1 . . . . . . . 5 . Heat Flow Errors 8 | . . . . . . . . . 1 2 . 1 . . . . . . 2 2 Energy Discharges 9 | . . . . . . . . . . 1 . 1 . . . . . . 7 . Data Loss (minor) 4 | . . . . . . . . . . . . . . . . . . 1 2 1 Data Loss (major) 2 | . . . . . . . . . . . . . . . . . . . 2 . Alerts 2 | . . . . . . . . . . . . . . . . . . . 2 . Misdirections 11 | . . . . . . . . . . . . . . . . . . . 10 1 Targeting Errors 19 | . . . . . . . 1 . . 2 . . . . . . . . 15 1 Weapon Failures 1 | . . . . . . . . . . . . . . . . . . . 1 . Overload Shots . | . . . . . . . . . . . . . . . . . . . . . Overflow Damage 364 | . . 24 . 54 . 6 7 15 . . . 12 62 . . . . . 184 . Projectiles 78 | . . . . 54 . 6 3 15 . . . . . . . . . . . . Explosions 28 | . . 24 . . . . 4 . . . . . . . . . . . . . Melee 258 | . . . . . . . . . . . . 12 62 . . . . . 184 . Knockbacks 47 | . . . . 11 . 9 20 6 . . . . . . . . . . . 1 Impact . | . . . . . . . . . . . . . . . . . . . . . Kinetic 42 | . . . . 11 . 8 17 5 . . . . . . . . . . . 1 Secondary 5 | . . . . . . 1 3 1 . . . . . . . . . . . . Self-Inflicted Damage 412 | . 27 277 28 . . . 80 . . . . . . . . . . . . . Shots 13 | . 2 7 1 . . . 3 . . . . . . . . . . . . . Rammed 9 | . . . . . 3 . . 5 . . . . . . . . . . 1 . Targets Rammed 11 | . . . . . 3 . . 7 . . . . . . . . . . 1 . Kicked . | . . . . . . . . . . . . . . . . . . . . . Crushed 2 | . . . . . . . . 2 . . . . . . . . . . . . Highest Temperature 365 | . . 30 89 365 . 241 321 . 253 246 . 160 16 . . . . . 198 160 Average Temperature 107 | . . 16 32 107 . 127 153 . 142 106 . 87 11 . . . . . 112 59 Received Heat Transfer 1409 | . . 6 81 90 . 90 462 21 . 36 . . 90 27 . . . 45 461 . Effects 3 | . . . . 2 . . 1 . . . . . . . . . . . . . Shutdowns 1 | . . . . 1 . . . . . . . . . . . . . . . . Energy Bleed 1 | . . . . 1 . . . . . . . . . . . . . . . . Interference 1 | . . . . . . . 1 . . . . . . . . . . . . . Siege Activations 1 | . . . . . . . . . . . . . . . . . . 1 . . Total Turns 10 | . . . . . . . . . . . . . . . . . . 10 . . Longest Duration 10 | . . . . . . . . . . . . . . . . . . 10 . . Robots Corrupted . | . . . . . . . . . . . . . . . . . . . . . Combat Hostiles . | . . . . . . . . . . . . . . . . . . . . . Parts Fried 4 | . . 1 1 . . . . . . . . . . . . . . . 2 . Impact Corruptions . | . . . . . . . . . . . . . . . . . . . . . Robots Melted . | . . . . . . . . . . . . . . . . . . . . . Combat Hostiles . | . . . . . . . . . . . . . . . . . . . . . Parts Melted 1 | . . . . . . . . . . . . . . . . . . . 1 . Heat Transferred 1038 | . . . 150 . . . . . . . . . . . . . . . 851 37 Parts Sabotaged . | . . . . . . . . . . . . . . . . . . . . . Parts Stolen . | . . . . . . . . . . . . . . . . . . . . . Parts Stripped . | . . . . . . . . . . . . . . . . . . . . . Power Chain Reactions 2 | . . . 2 . . . . . . . . . . . . . . . . . Missiles Intercepted . | . . . . . . . . . . . . . . . . . . . . . Alert | -11 -10 -9 -9 -9 -9 -7 -7 -6 -6 -6 -6 -5 -5 -4 -4 -4 -4 -3 -3 -3 ------- Run | Scr Mat Mat Sto Gar Rec Fac Gar Fac Low Low Dat Pro Fac Fac Upp Upp War Pro Res Tes Peak Influence 1008 | 10 246 272 603 988 444 981 1008 609 . . . . 86 26 . . . . 142 13 Average Influence 358 | 2 152 155 302 626 284 937 762 545 . . . . 53 17 . . . . 40 1 Maximum Alert Level 3 | . 1 1 2 3 2 3 3 2 . . . . . . . . . . . . Low Security (%) 47 | 100 61 69 34 . 37 . . . . . . . 100 100 . . . . 100 100 Level 1 11 | . 38 30 27 21 48 . . . . . . . . . . . . . . . Level 2 20 | . . . 38 38 13 . 51 100 . . . . . . . . . . . . Level 3 19 | . . . . 40 . 100 48 . . . . . . . . . . . . . Level 4 . | . . . . . . . . . . . . . . . . . . . . . Level 5 . | . . . . . . . . . . . . . . . . . . . . . High Security . | . . . . . . . . . . . . . . . . . . . . . Max Security . | . . . . . . . . . . . . . . . . . . . . . Squads Dispatched 19 | . . 2 5 . . 1 . . . . . . 3 . . . . . 8 . Investigation 3 | . . 1 1 . . . . . . . . . 1 . . . . . . . Extermination 4 | . . . . . . . . . . . . . 1 . . . . . 3 . Reinforcement 5 | . . 1 1 . . . . . . . . . 1 . . . . . 2 . Assault 3 | . . . 2 . . 1 . . . . . . . . . . . . . . Garrison 4 | . . . 1 . . . . . . . . . . . . . . . 3 . Intercept . | . . . . . . . . . . . . . . . . . . . . . Construction Impeded 1 | . . 1 . . . . . . . . . . . . . . . . . . Haulers Reinforced . | . . . . . . . . . . . . . . . . . . . . . Stealth | -11 -10 -9 -9 -9 -9 -7 -7 -6 -6 -6 -6 -5 -5 -4 -4 -4 -4 -3 -3 -3 --------- Run | Scr Mat Mat Sto Gar Rec Fac Gar Fac Low Low Dat Pro Fac Fac Upp Upp War Pro Res Tes Distress Signals 7 | . . . 1 . . . . 2 . . . . 1 . . . . . 3 . Communications Jammed . | . . . . . . . . . . . . . . . . . . . . . Distress Signals . | . . . . . . . . . . . . . . . . . . . . . Times Spotted 230 | . 8 4 17 21 27 8 15 13 1 16 . 18 11 6 3 . . 8 53 1 Peak Tracking Total 23 | . 3 3 8 6 5 5 8 6 1 5 . 4 3 6 3 . . 5 23 1 Tactical Retreats 26 | . . . . 2 . . 2 1 1 5 . 5 3 . . . . . 7 . Traps | -11 -10 -9 -9 -9 -9 -7 -7 -6 -6 -6 -6 -5 -5 -4 -4 -4 -4 -3 -3 -3 ------- Run | Scr Mat Mat Sto Gar Rec Fac Gar Fac Low Low Dat Pro Fac Fac Upp Upp War Pro Res Tes Traps Triggered 8 | . 1 . . 1 . 1 1 1 . . . . 2 1 . . . . . . Indirectly . | . . . . . . . . . . . . . . . . . . . . . Trap Hack Attempts . | . . . . . . . . . . . . . . . . . . . . . Triggered . | . . . . . . . . . . . . . . . . . . . . . Disarmed . | . . . . . . . . . . . . . . . . . . . . . Reprogrammed . | . . . . . . . . . . . . . . . . . . . . . Reused . | . . . . . . . . . . . . . . . . . . . . . Traps Extracted . | . . . . . . . . . . . . . . . . . . . . . Installed . | . . . . . . . . . . . . . . . . . . . . . Triggered . | . . . . . . . . . . . . . . . . . . . . . Machines | -11 -10 -9 -9 -9 -9 -7 -7 -6 -6 -6 -6 -5 -5 -4 -4 -4 -4 -3 -3 -3 ---------- Run | Scr Mat Mat Sto Gar Rec Fac Gar Fac Low Low Dat Pro Fac Fac Upp Upp War Pro Res Tes Machines Disabled 15 | . 2 6 1 3 . . 2 . . . . . . . . . . . . 1 Max in Single Turn 4 | . 2 4 1 1 . . 1 . . . . . . . . . . . . 1 Garrison Relay 5 | . . . . 3 . . 2 . . . . . . . . . . . . . Machines Sabotaged . | . . . . . . . . . . . . . . . . . . . . . Garrisons Compromised . | . . . . . . . . . . . . . . . . . . . . . Overloaded Fab Kills . | . . . . . . . . . . . . . . . . . . . . . Fab Network Shutdowns . | . . . . . . . . . . . . . . . . . . . . . Hacking | -11 -10 -9 -9 -9 -9 -7 -7 -6 -6 -6 -6 -5 -5 -4 -4 -4 -4 -3 -3 -3 --------- Run | Scr Mat Mat Sto Gar Rec Fac Gar Fac Low Low Dat Pro Fac Fac Upp Upp War Pro Res Tes Machines Accessed 28 | . 4 1 5 . 5 2 . 2 . . 4 . 2 . 2 . . . 1 . Terminals 17 | . 4 1 4 . 3 1 . 1 . . . . 1 . 1 . . . 1 . Fabricators 1 | . . . . . . . . 1 . . . . . . . . . . . . Repair Stations 1 | . . . . . . . . . . . . . 1 . . . . . . . Recycling Units 2 | . . . . . 2 . . . . . . . . . . . . . . . Scanalyzers . | . . . . . . . . . . . . . . . . . . . . . Garrison Access 2 | . . . 1 . . 1 . . . . . . . . . . . . . . Total Hacks 98 | . 13 2 12 . 15 7 . 5 . . 31 . 7 . 5 . . . 1 . Successful 69 | . 9 . 8 . 7 3 . 3 . . 31 . 3 . 5 . . . . . Failed 29 | . 4 2 4 . 8 4 . 2 . . . . 4 . . . . . 1 . Catastrophic 7 | . 1 . 1 . 4 . . 1 . . . . . . . . . . . . Database Lockouts . | . . . . . . . . . . . . . . . . . . . . . Manual 20 | . 2 . 4 . 6 4 . 2 . . 1 . . . . . . . 1 . Terminals 50 | . 13 2 11 . 10 5 . 3 . . . . 1 . 4 . . . 1 . Fabricators 2 | . . . . . . . . 2 . . . . . . . . . . . . Repair Stations 6 | . . . . . . . . . . . . . 6 . . . . . . . Recycling Units 5 | . . . . . 5 . . . . . . . . . . . . . . . Scanalyzers . | . . . . . . . . . . . . . . . . . . . . . Garrison Access 3 | . . . 1 . . 2 . . . . . . . . . . . . . . Terminal Hacks 58 | . 9 . 7 . 3 1 . 1 . . 31 . 1 . 5 . . . . . Record 15 | . . . . . . . . . . . 11 . . . 4 . . . . . Part Schematic 14 | . 2 . 1 . . . . . . . 11 . . . . . . . . . Robot Schematic 6 | . . . . . . . . . . . 6 . . . . . . . . . Prototype ID Bank 5 | . 2 . . . . . . . . . 3 . . . . . . . . . Open Door 2 | . . . 1 . . . . . . . . . . . 1 . . . . . Branch Access Points 1 | . . . . . 1 . . . . . . . . . . . . . . . Terminal Index 1 | . 1 . . . . . . . . . . . . . . . . . . . Alert Level 1 | . . . 1 . . . . . . . . . . . . . . . . . Unreport Threat 3 | . . . 2 . 1 . . . . . . . . . . . . . . . Locate Traps 5 | . 1 . 1 . . 1 . 1 . . . . 1 . . . . . . . Hauler Manifests 1 | . 1 . . . . . . . . . . . . . . . . . . . Zone Layout 4 | . 2 . 1 . 1 . . . . . . . . . . . . . . . Fabricator Hacks 2 | . . . . . . . . 2 . . . . . . . . . . . . Load Schematic 1 | . . . . . . . . 1 . . . . . . . . . . . . Build 1 | . . . . . . . . 1 . . . . . . . . . . . . Repair Station Hacks 2 | . . . . . . . . . . . . . 2 . . . . . . . Scan Component 1 | . . . . . . . . . . . . . 1 . . . . . . . Repair 1 | . . . . . . . . . . . . . 1 . . . . . . . Recycling Unit Hacks 4 | . . . . . 4 . . . . . . . . . . . . . . . Process 1 | . . . . . 1 . . . . . . . . . . . . . . . Report Inventory 2 | . . . . . 2 . . . . . . . . . . . . . . . Retrieve Matter 1 | . . . . . 1 . . . . . . . . . . . . . . . Scanalyzer . | . . . . . . . . . . . . . . . . . . . . . Garrison Access Hacks 3 | . . . 1 . . 2 . . . . . . . . . . . . . . Unlock Access 2 | . . . 1 . . 1 . . . . . . . . . . . . . . Coupler Status 1 | . . . . . . 1 . . . . . . . . . . . . . . Unauthorized Hacks . | . . . . . . . . . . . . . . . . . . . . . Terminals . | . . . . . . . . . . . . . . . . . . . . . Fabricators . | . . . . . . . . . . . . . . . . . . . . . Repair Stations . | . . . . . . . . . . . . . . . . . . . . . Recycling Units . | . . . . . . . . . . . . . . . . . . . . . Scanalyzers . | . . . . . . . . . . . . . . . . . . . . . Garrison Access . | . . . . . . . . . . . . . . . . . . . . . Data Cores Recovered 1 | . 1 . . . . . . . . . . . . . . . . . . . Used 1 | . 1 . . . . . . . . . . . . . . . . . . . Hacking Detections 18 | . 4 1 3 . 4 1 . 2 . . . . 1 . 1 . . . 1 . Full Trace Events 2 | . . 1 . . . . . . . . . . 1 . . . . . . . Feedback Events . | . . . . . . . . . . . . . . . . . . . . . Feedback Blocked . | . . . . . . . . . . . . . . . . . . . . . Robot Schematics Acquired 6 | . . . . . . . . . . . 6 . . . . . . . . . Robots Built . | . . . . . . . . . . . . . . . . . . . . . Matter . | . . . . . . . . . . . . . . . . . . . . . Time . | . . . . . . . . . . . . . . . . . . . . . Total Robot Build Rating . | . . . . . . . . . . . . . . . . . . . . . Part Schematics Acquired 13 | . 2 . . . . . . . . . 11 . . . . . . . . . Parts Built 1 | . . . . . . . . 1 . . . . . . . . . . . . Matter 102 | . . . . . . . . 102 . . . . . . . . . . . . Time 51 | . . . . . . . . 51 . . . . . . . . . . . . Total Part Build Rating 1 | . . . . . . . . 1 . . . . . . . . . . . . Parts Repaired 1 | . . . . . . . . . . . . . 1 . . . . . . . Time 50 | . . . . . . . . . . . . . 50 . . . . . . . Parts Recycled . | . . . . . . . . . . . . . . . . . . . . . Recycled Matter 1 | . . . . . 1 . . . . . . . . . . . . . . . Retrieved Matter 1 | . . . . . 1 . . . . . . . . . . . . . . . Retrieved Components . | . . . . . . . . . . . . . . . . . . . . . Parts Scanalyzed . | . . . . . . . . . . . . . . . . . . . . . Part Schematics Acquired . | . . . . . . . . . . . . . . . . . . . . . Parts Damaged . | . . . . . . . . . . . . . . . . . . . . . Bothacking | -11 -10 -9 -9 -9 -9 -7 -7 -6 -6 -6 -6 -5 -5 -4 -4 -4 -4 -3 -3 -3 ------------ Run | Scr Mat Mat Sto Gar Rec Fac Gar Fac Low Low Dat Pro Fac Fac Upp Upp War Pro Res Tes Used RIF Installer 2 | . . . . 1 . . 1 . . . . . . . . . . . . . Coupler Efficiency 1 | . . . . . . . 1 . . . . . . . . . . . . . Robots Hacked 2 | . . . . . . . . . . . . . 2 . . . . . . . Non-combat 2 | . . . . . . . . . . . . . 2 . . . . . . . Combat . | . . . . . . . . . . . . . . . . . . . . . Robot Hacks Applied 3 | . . . . . . . . . . . . . 3 . . . . . . . parse_system 2 | . . . . . . . . . . . . . 2 . . . . . . . find_chute 1 | . . . . . . . . . . . . . 1 . . . . . . . Relay Couplers Released 18 | . . . . 9 . . 9 . . . . . . . . . . . . . Machine Destruction 18 | . . . . 9 . . 9 . . . . . . . . . . . . . Robots Rewired . | . . . . . . . . . . . . . . . . . . . . . Allies Hacked . | . . . . . . . . . . . . . . . . . . . . . Hacks Repelled . | . . . . . . . . . . . . . . . . . . . . . Allies | -11 -10 -9 -9 -9 -9 -7 -7 -6 -6 -6 -6 -5 -5 -4 -4 -4 -4 -3 -3 -3 -------- Run | Scr Mat Mat Sto Gar Rec Fac Gar Fac Low Low Dat Pro Fac Fac Upp Upp War Pro Res Tes Total Allies 3 | . . . 2 . . . . . . . . 1 . . . . . . . . Largest Group 2 | . . . 2 1 . . . . . . . 1 . . . . . . . . Highest-Rated Group 94 | . . . 62 31 . . . . . . . 94 . . . . . . . . Highest-Rated Ally 94 | . . . 31 31 . . . . . . . 94 . . . . . . . . Total Orders . | . . . . . . . . . . . . . . . . . . . . . Ally Attacks 63 | . . . 42 11 . . . . . . . 10 . . . . . . . . Total Damage 1239 | . . . 698 123 . . . . . . . 418 . . . . . . . . Kills 17 | . . . 11 2 . . . . . . . 4 . . . . . . . . Allies Corrupted . | . . . . . . . . . . . . . . . . . . . . . Allies Melted . | . . . . . . . . . . . . . . . . . . . . . Intel | -11 -10 -9 -9 -9 -9 -7 -7 -6 -6 -6 -6 -5 -5 -4 -4 -4 -4 -3 -3 -3 ------- Run | Scr Mat Mat Sto Gar Rec Fac Gar Fac Low Low Dat Pro Fac Fac Upp Upp War Pro Res Tes Robot Analysis Total . | . . . . . . . . . . . . . . . . . . . . . Derelict Logs Recovered 10 | . . . . . . . . . 3 2 . 2 . . 2 1 . . . . Drone Launches . | . . . . . . . . . . . . . . . . . . . . . Drone Recoveries . | . . . . . . . . . . . . . . . . . . . . . Exploration | -11 -10 -9 -9 -9 -9 -7 -7 -6 -6 -6 -6 -5 -5 -4 -4 -4 -4 -3 -3 -3 ------------- Run | Scr Mat Mat Sto Gar Rec Fac Gar Fac Low Low Dat Pro Fac Fac Upp Upp War Pro Res Tes Turns Passed 8192 | 110 186 133 401 802 645 574 547 388 301 429 43 271 603 55 221 512 88 441 1366 76 Spaces Moved 6980 | 85 176 90 234 407 394 318 253 330 589 766 85 498 663 99 263 438 81 339 835 37 Core 2467 | 17 . . . . . . . 190 589 766 85 405 . 9 208 . . . 166 32 Treads 1703 | . . . 65 328 394 318 253 140 . . . . . . 18 58 . . 128 1 Legs 329 | . . 10 20 . . . . . . . . . . . . . . . 299 . Wheels 1494 | 68 176 80 149 79 . . . . . . . . 38 4 2 380 81 339 94 4 Hover 49 | . . . . . . . . . . . . . . . 35 . . . 14 . Flight 938 | . . . . . . . . . . . . 93 625 86 . . . . 134 . Fastest Speed 32 | 50 90 100 100 110 160 160 160 50 50 50 50 40 37 40 50 110 110 110 32 50 Average Speed 95 | 80 93 108 130 150 160 160 166 96 50 50 50 48 67 46 66 116 110 118 104 105 Slowest Speed 280 | 90 100 180 180 160 160 160 200 180 50 50 50 50 165 100 250 160 110 120 280 200 Overloaded Moves 125 | . . . . . . . . . . . . . . . . . . . 125 . Propulsion Burnouts . | . . . . . . . . . . . . . . . . . . . . . Robots Hopped 10 | . . . . . . . . . . . . . 1 . . . . . 9 . Cave-ins Triggered . | . . . . . . . . . . . . . . . . . . . . . Exploration Rate (%) 37 | 4 31 7 36 60 81 10 42 12 78 82 71 58 23 3 39 53 15 53 29 5 Regions Visited 20 Branch Regions 11 Pre-discovered Areas 5 | . . . . . . . . . 1 . 1 1 . . 1 1 . . . . Known Exits Taken 9 | . . . 1 . . 1 . 1 1 1 1 . 1 1 . . . . 1 . Unknown Exits Taken 9 | 1 1 1 . . 1 . . . . . . 1 . . 1 1 1 1 . . Scrap Searched 10 | . . . . . . . . . 2 3 . 2 . . 1 . . 2 . . Spaces Dug 1 | . . . . . . . . . . . . . . . . . . . 1 . Terrain Destroyed 197 | . 55 66 44 . . . 25 1 . . . . . . . . . . 1 5 Melee 1 | . . . . . . . . . . . . . . . . . . . 1 . Projectile 8 | . . . 2 . . . . 1 . . . . . . . . . . . 5 AOE 188 | . 55 66 42 . . . 25 . . . . . . . . . . . . . Actions | -11 -10 -9 -9 -9 -9 -7 -7 -6 -6 -6 -6 -5 -5 -4 -4 -4 -4 -3 -3 -3 --------- Run | Scr Mat Mat Sto Gar Rec Fac Gar Fac Low Low Dat Pro Fac Fac Upp Upp War Pro Res Tes Total 7978 | 113 191 118 307 517 407 365 316 380 594 787 84 513 786 107 295 438 80 371 1145 64 Wait 216 | . . . 12 47 . 4 . 8 . 4 . 3 52 . 1 . . 18 65 2 Move 6940 | 84 175 89 233 405 393 317 251 329 588 765 84 497 660 98 262 437 80 338 818 37 Hop 8 | . . . . . . . . . . . . . 1 . . . . . 7 . Pick Up 132 | 12 2 10 15 6 2 15 13 6 3 1 . 1 6 1 2 . . 2 28 7 Fast Attach 63 | 3 . . 1 . 2 1 . 1 . . . 1 12 . 8 1 . 3 30 . Attach 69 | 5 . 4 1 5 1 6 7 . 3 1 . 1 6 2 3 . . . 17 7 Detach 5 | . . . . . . . . . . . . . 4 . 1 . . . . . Swap 13 | . 3 2 2 1 . 2 . 1 . . . . . . . . . 2 . . Drop 74 | 2 3 4 13 3 3 9 1 11 . . . . 4 . 4 . . 2 15 . Fire 234 | 7 8 9 30 47 . 11 42 17 . . . . 3 . 14 . . 4 31 11 Melee 181 | . . . . . . . . . . 16 . 10 20 . . . . 2 133 . Ram 1 | . . . . . . . . . . . . . . . . . . . 1 . Kick . | . . . . . . . . . . . . . . . . . . . . . Crush 10 | . . . . . 3 . . 7 . . . . . . . . . . . . Escape Stasis 29 | . . . . 3 . . 2 . . . . . 18 6 . . . . . . Rewire 3 | . . . . . 3 . . . . . . . . . . . . . . . Trap . | . . . . . . . . . . . . . . . . . . . . . Miscellaneous . | . . . . . . . . . . . . . . . . . . . . . Route ------- -11/Scrapyard -10/Materials -9/Materials -9/Storage -9/Garrison (discovered 2 exits: *Rec x2) -9/Recycling -7/Factory -7/Garrison -6/Factory -6/Lower Caves -6/Lower Caves (discovered 2 exits: *Fac / *Dat) -6/Data Miner -5/Proximity Caves -5/Factory (discovered 2 exits: *Fac / Upp) -4/Factory -4/Upper Caves -4/Upper Caves -4/Warlord -3/Proximity Caves -3/Research (discovered 2 exits: Arm / *Tes) -3/Testing History --------- Turn | Location | Event 5 | -11/Scrapyard | Discovered new exit (range 16) 111 | -11/Scrapyard | Entered Materials 200 | -10/Materials | Discovered new exit (range 14) 297 | -10/Materials | Entered another Materials area 297 | -9/Materials | Evolved 2 slots: Propulsion x2 310 | -9/Materials | Discovered new exit (range 6) 319 | -9/Materials | Build established: Mutant 430 | -9/Materials | Entered Storage 531 | -9/Storage | Met a pair of Derelict thieves 682 | -9/Storage | Garrison activated, responded to threat 799 | -9/Storage | Identified exit to Garrison 831 | -9/Storage | Entered Garrison 831 | -9/Garrison | Accompanied by 1 ally 866 | -9/Garrison | Triggered checkpoint 918 | -9/Garrison | Garrison Relay disabled 928 | -9/Garrison | Triggered checkpoint 1180 | -9/Garrison | Destroyed 8 combat bots 1192 | -9/Garrison | Triggered checkpoint 1200 | -9/Garrison | Build established: Scavenger-Mutant 1247 | -9/Garrison | Discovered new exit (range 10) 1264 | -9/Garrison | Triggered checkpoint 1312 | -9/Garrison | Garrison Relay disabled 1432 | -9/Garrison | Triggered checkpoint 1524 | -9/Garrison | Triggered checkpoint 1563 | -9/Garrison | Garrison Relay disabled 1603 | -9/Garrison | Discovered new exit (range 10) 1625 | -9/Garrison | Installed Relay Interface Framework 1633 | -9/Garrison | Entered Recycling 1698 | -9/Recycling | Spotter reported a threat 1722 | -9/Recycling | Spotter reported a threat 1733 | -9/Recycling | Spotter reported a threat 1735 | -9/Recycling | Spotter reported a threat 1739 | -9/Recycling | Spotter reported a threat 1751 | -9/Recycling | Spotter reported a threat 1792 | -9/Recycling | Spotter reported a threat 1803 | -9/Recycling | Spotter reported a threat 1813 | -9/Recycling | Spotter reported a threat 1816 | -9/Recycling | Spotter reported a threat 1881 | -9/Recycling | Spotter reported a threat 1916 | -9/Recycling | Spotter reported a threat 1917 | -9/Recycling | Spotter reported a threat 1923 | -9/Recycling | Spotter reported a threat 1923 | -9/Recycling | Spotter reported a threat 1934 | -9/Recycling | Spotter reported a threat 1960 | -9/Recycling | Spotter reported a threat 1970 | -9/Recycling | Spotter reported a threat 1976 | -9/Recycling | Spotter reported a threat 1976 | -9/Recycling | Spotter reported a threat 1987 | -9/Recycling | Spotter reported a threat 2023 | -9/Recycling | Spotter reported a threat 2046 | -9/Recycling | Spotter reported a threat 2072 | -9/Recycling | Spotter reported a threat 2072 | -9/Recycling | Spotter reported a threat 2086 | -9/Recycling | Spotter reported a threat 2088 | -9/Recycling | Spotter reported a threat 2110 | -9/Recycling | Spotter reported a threat 2141 | -9/Recycling | Spotter reported a threat 2166 | -9/Recycling | Spotter reported a threat 2194 | -9/Recycling | Spotter reported a threat 2196 | -9/Recycling | Spotter reported a threat 2203 | -9/Recycling | Build established: Mutant 2208 | -9/Recycling | Spotter reported a threat 2210 | -9/Recycling | Spotter reported a threat 2217 | -9/Recycling | Discovered new exit (range 16) 2268 | -9/Recycling | Spotter reported a threat 2278 | -9/Recycling | Entered Factory 2278 | -7/Factory | Evolved 4 slots: Utility x4 2562 | -7/Factory | Build established: Scavenger-Mutant 2678 | -7/Factory | First assault squad dispatched 2844 | -7/Factory | Identified exit to Garrison 2852 | -7/Factory | Entered Garrison 2946 | -7/Garrison | Triggered checkpoint 3004 | -7/Garrison | Lost 4 parts (3n1u) 3005 | -7/Garrison | Garrison Relay disabled 3134 | -7/Garrison | Triggered checkpoint 3205 | -7/Garrison | Lost 3 parts (1p1n1w) 3266 | -7/Garrison | Build established: Mutant 3278 | -7/Garrison | Triggered checkpoint 3314 | -7/Garrison | Garrison Relay disabled 3369 | -7/Garrison | Discovered new exit (range 10) 3381 | -7/Garrison | Identified exit to Factory 3391 | -7/Garrison | Expanded RIF knowledge: Coupler Efficiency 3399 | -7/Garrison | Entered Factory 3399 | -6/Factory | Evolved 2 slots: Utility x2 3625 | -6/Factory | Fabricated Hcp. Storage Unit? 3697 | -6/Factory | Lost 6 parts (4n2u) 3768 | -6/Factory | Discovered new exit (range 15) 3786 | -6/Factory | Identified exit to Lower Caves 3787 | -6/Factory | Entered Lower Caves 3789 | -6/Lower Caves | Core integrity fell below 50% 3839 | -6/Lower Caves | Learned Factory emergency access door positions 3951 | -6/Lower Caves | Encountered a Warlord checkpoint 3990 | -6/Lower Caves | Learned Factory terminal intel 4042 | -6/Lower Caves | Discovered new exit (range 15) 4087 | -6/Lower Caves | Identified exit to Lower Caves 4088 | -6/Lower Caves | Entered another Lower Caves area 4090 | -6/Lower Caves | Discovered new exit (range 7) 4175 | -6/Lower Caves | Learned 4 Factory zone layouts 4509 | -6/Lower Caves | Discovered new exit (range 14) 4511 | -6/Lower Caves | Learned location of 1 exit from Factory 4515 | -6/Lower Caves | Identified exit to Data Miner 4517 | -6/Lower Caves | Entered Data Miner 4517 | -6/Data Miner | Discovered new exit (range 7) 4522 | -6/Data Miner | Identified exit to Proximity Caves 4529 | -6/Data Miner | Met Data Miner 4538 | -6/Data Miner | Learned location of Section 7 (-2) 4538 | -6/Data Miner | Acquired the access code to Warlord's prototype stash 4547 | -6/Data Miner | Received God Mode back door access code from Data Miner 4560 | -6/Data Miner | Entered Proximity Caves 4587 | -5/Proximity Caves | Learned location of Warlord (-4) 4634 | -5/Proximity Caves | Learned Factory stockpile data 4682 | -5/Proximity Caves | Escorted by Enhanced Grunt 4773 | -5/Proximity Caves | Core integrity fell below 20% 4811 | -5/Proximity Caves | Lost 4 parts (2n2u) 4826 | -5/Proximity Caves | Discovered new exit (range 12) 4831 | -5/Proximity Caves | Entered Factory 4831 | -5/Factory | Evolved 2 slots: Power x1, Utility x1 4832 | -5/Factory | Identified exit to Upper Caves 4836 | -5/Factory | Loaded intel: 20 terminal locations 4981 | -5/Factory | Lost 3 parts (1p1n1w) 5055 | -5/Factory | Repaired Nuclear Pulse Thruster 5086 | -5/Factory | Incoming investigation squad redirected 5127 | -5/Factory | Lost 3 parts (1p1n1u) 5421 | -5/Factory | Discovered new exit (range 9) 5434 | -5/Factory | Identified exit to Factory 5434 | -5/Factory | Entered another Factory area 5434 | -4/Factory | Evolved 2 slots: Propulsion x1, Utility x1 5455 | -4/Factory | Discovered new exit (range 13) 5489 | -4/Factory | Identified exit to Upper Caves 5489 | -4/Factory | Entered Upper Caves 5498 | -4/Upper Caves | Learned 8 Research zone layouts 5509 | -4/Upper Caves | Learned 4 Research zone layouts 5516 | -4/Upper Caves | Lost 4 parts (3n1w) 5559 | -4/Upper Caves | Learned location of Extension (-4) 5559 | -4/Upper Caves | Learned Extension security intel 5559 | -4/Upper Caves | Learned Factory stockpile data 5640 | -4/Upper Caves | Discovered new exit (range 13) 5710 | -4/Upper Caves | Entered another Upper Caves area 5959 | -4/Upper Caves | Build established: Derelict-Mutant 6047 | -4/Upper Caves | Learned location of Armory (-3) 6094 | -4/Upper Caves | Discovered new exit (range 7) 6222 | -4/Upper Caves | Entered Warlord 6261 | -4/Warlord | System corruption cleaned by Quarantine Array 6265 | -4/Warlord | RIF detected upon attempting to enter Warlord's base 6265 | -4/Warlord | Attacked by Warlord forces 6303 | -4/Warlord | Discovered new exit (range 8) 6310 | -4/Warlord | Entered Proximity Caves 6651 | -3/Proximity Caves | Spotted B-86 Titan 6744 | -3/Proximity Caves | Discovered new exit (range 7) 6751 | -3/Proximity Caves | Entered Research 6751 | -3/Research | Evolved 2 slots: Utility x2 6752 | -3/Research | Identified exit to Armory 6764 | -3/Research | Lost 6 parts (1p4u1w) 7050 | -3/Research | Lost 5 parts (3n1u1w) 7159 | -3/Research | System corruption reached 10% 7189 | -3/Research | Lost 8 parts (1p4n2u1w) 7318 | -3/Research | Build established: Scavenger-Mutant 7592 | -3/Research | Garrison activated, responded to threat 7761 | -3/Research | Lost 9 parts (3p2n3u1w) 7927 | -3/Research | Lost 3 parts (1n2u) 8024 | -3/Research | Spotted B-86 Titan 8027 | -3/Research | Core integrity fell below 50% 8050 | -3/Research | Core integrity fell below 20% 8069 | -3/Research | Lost 13 parts (1p2n8u2w) 8113 | -3/Research | Discovered new exit (range 7) 8116 | -3/Research | Identified exit to Testing 8117 | -3/Research | Entered Testing 8117 | -3/Testing | Spotted PH-C4LOY8ZIFQ 8173 | -3/Testing | Lost 3 parts (2n1w) 8193 | -3/Testing | Destroyed by PH-C4LOY8ZIFQ with Improved KE Penetrator Last Messages --------------- 08161_ Slug penetrates Wall. 08165_ Acquired Linear Accelerator. 08165_ Slug penetrates Wall. 08176_ System corrupted: Component data lost. 08178_ Penetrated by Slug. 08178_ U-05 Engineer builds a Wall. 08181_ PH-C4LOY8ZIFQ suffers critical hit. 08181_ Destroyed Prototype Ballistic Gun. 08181_ Penetrated by Slug. 08182_ U-05 Engineer builds a Wall. 08183_ PH-C4LOY8ZIFQ knocked back. 08184_ Penetrated by Slug. 08186_ U-05 Engineer builds a Wall. 08187_ Penetrated by Slug. 08189_ System corrupted: Linear Accelerator targeting data glitched. 08189_ U-05 Engineer suffers critical hit. 08189_ U-05 Engineer destroyed. 08190_ Penetrated by Slug. 08190_ U-05 Engineer builds a Wall. 08193_ Penetrated by Slug. Map ----- +----------------------------------------------------+ | ???????????????????????????????????????? | | ???????????????????????????????????????? | | ???????????????????????????????????????? | | ???????????????????????????????????????? | | ???????????????????????????????????????? | | ???????????????????????????????????????? | | ???????????????????????????????????????? | | ?????????######?######?????????????????? | | ?????????#"" ?# #?????????????????? | | ?????????#"" # #?????????????????? | | ?????????#""" # #?????????????????? | | ?????????#""" " #?????????????????? | | ?????????#""" # #?????????????????? | | ?????????#"" # #?????????????????? | | ?????????######?# #?????????????????? | | ????????????????# #?????????????????? | | ????????????????# #?????????????????? | | ????????????????# ########## ! ???? | | ????????????????# ??? | | ????????????????# ??? | | ????????????????# | """"""" ??? | | ????????????????#!%= """""????????? | | ????????????????# h#### """"?????????? | | ????????####+###; #??? ????????? | | ?????# u #??? """"""???????? | | ????????#######@#####??? """""????????? | | ??????????# !#??? """?????????? | | ??????????# ! #??? ??????????? | | ??????????# #???? """??????????? | | ??????????#== ! #???? """"?????????? | | ??????????###########?????"????????????? | | ???????????????????????????????????????? | | ???????????????????????????????????????? | | ???????????????????????????????????????? | | ???????????????????????????????????????? | | ???????????????????????????????????????? | | ???????????????????????????????????????? | | ???????????????????????????????????????? | | ???????????????????????????????????????? | | ???????????????????????????????????????? | | ???????????????????????????????????????? | | ???????????????????????????????????????? | | ???????????????????????????????????????? | | ???????????????????????????????????????? | | ???????????????????????????????????????? | | ???????????????????????????????????????? | | ???????????????????????????????????????? | | ???????????????????????????????????????? | | ???????????????????????????????????????? | | ???????????????????????????????????????? | +----------------------------------------------------+ Best States ------------- Heat Dissipation 179 Energy Generation 39 Energy Capacity 410 Matter Stores 300 Matter Capacity 400 Sight Range 16 Robot Scan Range 16 Terrain Scan Range 16 Terrain Scan Density 85 Additional Mass Support 9 Armor Coverage 225 Resistance: KI 30 Resistance: EX 25 Evasion (%) 63 Target Analysis 8 Core Analysis 8 Recoil Reduction 4 Overload Regulation 40 Stasis Canceling 1 Offensive Hacking 12 Defensive Hacking 10 Item Schematics ----------------- Hcp. Storage Unit | -10/Materials | Hacked Com. Wheel | -10/Materials | Hacked Combat Drone Bay | -6/Data Miner | Free Lgt. Regenerative Plating | -6/Data Miner | Free Exp. Flexi-carbon Leg | -6/Data Miner | Free Exp. Cesium-ion Thruster | -6/Data Miner | Free Cmb. Gravmag System | -6/Data Miner | Free Triangulator | -6/Data Miner | Free Exp. Sensor Array | -6/Data Miner | Free Exp. Targeting Computer | -6/Data Miner | Free Exp. Terrain Scanner | -6/Data Miner | Free Mni. Smartbomb Launcher | -6/Data Miner | Free Kinetic Spear | -6/Data Miner | Free Robot Schematics ------------------ G-50 Soldier | -6/Data Miner | Free S-27 Virus | -6/Data Miner | Free G-67 Veteran | -6/Data Miner | Free L-41 Fighter | -6/Data Miner | Free I-36 Angel | -6/Data Miner | Free I-47 Archangel | -6/Data Miner | Free Fabricated ------------ Hcp. Storage Unit | x1 | -6/Factory Alien Tech Used ----------------- None Achievements -------------- None Challenges ------------ None Game ------ Seed SignalHeavyBattery Manual? 0 Play Time 01:44:52 Cumulative 96.8 hours Start 2020.08.18 @ 16:33:46 End 2020.08.18 @ 18:58:17 Sessions 1 Manual Loads 0 Difficulty Rogue Special Mode None Game No. 118 Rogue 118 Adventurer 0 Explorer 0 Win Type - Total 1 Types 1/0/0/0/0/0/0 Lore% 48 Gallery% 60 Achievement% 44 Wizard Run 0 Options --------- ASCII 0 Keyboard 0 Movement Numpad Keybinds 0 Fullscreen 2 Font 24/Smallcaps Map View 76x50 Tactical HUD 1 Map Filters NONE Filters NONE Steam 1 RUN: b0d7d50b-3aed-4a4e-b0fa-e6b56f404c19